 Dungeon Crawl Stone Soup version 0.31.0-32-g396128a36d (webtiles) character file.

Game seed: 14874849410618006890

25 Minsecho the Shooter (level 3, -2/21 HPs)
             Began as a Kobold Hexslinger on Mar 15, 2024.
             Was an Initiate of Okawaru.
             Slain by a gnoll
             ... wielding a +0 flail
              (8 damage)
             ... on level 2 of the Dungeon.
             The game lasted 00:02:57 (1231 turns).

Minsecho the Shooter (Kobold Hexslinger)            Turns: 1231, Time: 00:02:57

Health: -2/21      AC:  2    Str:  5    XL:     3   Next: 20%
Magic:  4/4        EV: 15    Int: 14    God:    Okawaru [......]
Gold:   25         SH:  4    Dex: 19    Spells: 2/4 levels left

rFire   . . .        a - +1 sling
rCold   . . .        h - +0 buckler
rNeg    . . .        c - +0 robe
rPois   .            (no helmet)
rElec   .            (no cloak)
rCorr   .            (no gloves)
SInv    .            (no boots)
Will    .....        (no amulet)
Stlth   +++          (no ring)
HPRegen 0.23/turn    (no ring)
MPRegen 0.09/turn

%: no passive effects
@: brilliant
A: small, no large weapons, nightstalker 3
a: Renounce Religion


You were on level 2 of the Dungeon.
You worshipped Okawaru.
Okawaru was noncommittal.
You visited 1 branch of the dungeon, and saw 2 of its levels.

You collected 25 gold pieces.

Inventory:

Hand Weapons
 a - a +1 sling (weapon)
Armour
 c - a +0 robe (worn)
 h - a +0 buckler (worn)
Scrolls
 b - a scroll of poison
 f - 2 scrolls of blinking {unknown}
 g - 2 scrolls of vulnerability {unknown}
 i - 2 scrolls of identify {unknown}
 j - a scroll of fear {unknown}
 k - a scroll of enchant armour {unknown}
Potions
 e - a potion of lignification {unknown}
 l - a potion of cancellation {unknown}


   Skills:
 + Level 1.7 Fighting
 + Level 3.4 Ranged Weapons
 + Level 3.1 Dodging
 + Level 1.1 Spellcasting
 + Level 3.1 Hexes
 + Level 1.0 Fire Magic


You had 2 spell levels left.
You knew the following spells:

 Your Spells              Type           Power      Damage    Failure   Level
a - Jinxbite              Hex            28%        N/A       21%         2

Your spell library contained the following spells:

 Spells                   Type           Power      Damage    Failure   Level
 Magic Dart               Conj           4%         1d3       45%         1
 Searing Ray              Conj           2%         2d4       58%         2
 Sigil of Binding         Hex            14%        N/A       38%         3
 Inner Flame              Hex/Fire       9%         N/A       54%         3
 Cause Fear               Hex            7%         N/A       80%         4
 Dimensional Bullseye     Hex/Tloc       3%         N/A       95%         4
 Fulminant Prism          Conj/Alch      0%         3d5       99%         4


Dungeon Overview and Level Annotations

Branches:
Dungeon (2/15)

Altars:
Okawaru


Innate Abilities, Weirdness & Mutations

You are small and have problems with some larger weapons.
You are completely attuned to the shadows.


Message History

2 gnolls come into view.
You shoot a sling bullet. The sling bullet hits the gnoll.
The gnoll is moderately wounded.
The gnoll shouts!
There are monsters nearby!
You shoot a sling bullet. The sling bullet hits the gnoll.
The gnoll is severely wounded.
You shoot a sling bullet.
The sling bullet closely misses the gnoll.
The sling bullet hits the gnoll!
The gnoll is severely wounded.
You shoot a sling bullet.
The sling bullet hits the gnoll but does no damage.
The gnoll is severely wounded.
The gnoll hits you with a +0 flail!
Ouch! That really hurt!
The gnoll misses you. x2
You are too injured to fight recklessly!
You shoot a sling bullet.
The sling bullet hits the gnoll but does no damage.
The gnoll is severely wounded.
The gnoll closely misses you. x2
You aren't carrying any items that you can evoke.
Okay, then.
Okay, then.
Okay, then.
Unknown command.
You shoot a sling bullet.
The sling bullet hits the gnoll but does no damage.
The gnoll is severely wounded.
The gnoll barely misses you. The gnoll closely misses you.
The gnoll hits you from afar with a +0 spear.
* * * LOW HITPOINT WARNING * * *
Casting: Jinxbite (safe; 21% risk of failure)
Confirm with . or Enter, or press ? or * to list all spells.
Okay, then.
It was a potion of brilliance.
You feel clever all of a sudden. The gnoll hits you with a +0 flail!
You die...

..# #...### ....#
#...#.# ......
...$.. .......
#..... ........
#.# ........ #g#
#.>..... #g#
#.....# #@#
#########...##
#.# #.......##'##
#.#
#.#####.##.###
#.#
#.###.........
#.#
#.......##.###
#.# #.###.#.#...#
#.###..........##
#.........#.####
#####.#######


You could see 2 gnolls.

Vanquished Creatures
  3 ball pythons
  2 endoplasms
  3 giant cockroaches (D:1)
  4 hobgoblins (D:1)
  3 kobolds (D:1)
  4 bats
  4 frilled lizards (D:1)
  A rat (D:1)
24 creatures vanquished.

Notes
Turn   | Place    | Note
-------+----------+-------------------------------------------
     0 | D:1      | Minsecho the Kobold Hexslinger began the quest for the Orb.
     0 | D:1      | Reached XP level 1. HP: 12/12 MP: 2/2
    56 | D:1      | Reached XP level 2. HP: 15/16 MP: 3/3
   445 | D:1      | Learned a level 2 spell: Jinxbite
   768 | D:1      | Reached XP level 3. HP: 20/20 MP: 4/4
  1103 | D:2      | Found an iron altar of Okawaru.
  1131 | D:2      | Became a worshipper of Warmaster Okawaru
  1231 | D:2      | Slain by a gnoll

Illustrated notes

Levels and vault maps discovered:
D:1:      tarquinn_simple_flora_water_f, layout_loops_corners,
          minmay_tetromino_o4
D:2:      kb_forest_paths, layout_loops_corners, serial_shops,
          nicolae_shop_tiny_real_fake_doors, basic_altar,
          chequers_decorated_corner

Skill      XL: |  1  2 |
---------------+-------+-----
Ranged Weapons | 3 |  3.4
Dodging        | 3 |  3.1
Fighting       | |  1.7
Spellcasting   | |  1.1
Hexes          | |  3.1
Fire Magic     | |  1.0

Action                     || total
---------------------------++-------
   Fire: Sling             ||    79
    Use: Potion            ||     1
 Armour: Robe              ||    21
  Dodge: Dodged            ||    42
  Block: Buckler           ||     3
